AoeStats
← TheQuietRiot

Arena

508099788Analyzed
1v1 RM · 11d ago on Sep 20, 2026· 26m 23s· 2 players
Game mode
Random Map
Map size
Tiny (2 player)
Population
200
Speed
Normal
Resources
Standard
Victory
Conquest
Starting age
Dark Age
Ending age
Imperial Age
RankedLock teamsTeams togetherTeam positionsShared explorationLock speedFull tech treeHidden civsTurbo modeCheats
Victory
Defeat
🇨🇴 Turks · Colombia
979
+16
🇬🇧 Spanish · United Kingdom
970
-16
TheQuietRiot
10:35 Feudal Age
8:53 Loom
15:27 Double-Bit Axe
18:06 Horse Collar
21:35 Castle Age
20:43 Gold Mining
26:26 Bow Saw
Project0360
10:39 Feudal Age
14:48 Castle Age
21:52 Imperial Age
21:01 Wheelbarrow
20:15 Double-Bit Axe
20:41 Horse Collar
26:45 Hand Cart
26:15 Town Watch
Connection lost

Rejoining the realm…

Still unreachable

The connection could not be restored.

Session expired

The server has moved on; the page needs a fresh start.